[Event "*** SCC Grand Prix: Titled Tuesday Blitz"]
[Site "Chess.com"]
[Date "2020.09.29"]
[Round "3"]
[White "artichaud"]
[Black "RaphCamora"]
[Result "0-1"]
[WhiteElo "2194"]
[BlackElo "2398"]
[TimeControl "180+1"]
[EndTime "10:28:18 PDT"]
[Termination "RaphCamora won on time"]

1. e4 c5 2. Nf3 Nc6 3. d4 cxd4 4.
Nxd4 Nf6 5. Nc3 e5 6. Ndb5 d6 7. Bg5 a6 8. Na3 b5 9. Nd5 Be7 10.
Bxf6 Bxf6 11. c3 Rb8 12. Be2 Bg5 13. O-O O-O 14. Qd3 Be6 15. Rfd1 b4 16. Nc4 bxc3 17.
bxc3 f5 18. Bf3 Kh8 19. exf5 Bxf5 20. Be4 Bxe4 21. Qxe4 Na7 22. Nb4 Rf4 23. Qe2 a5 24.
Nd5 Rf8 25. a4 Rc8 26. Rab1 Rb8 27. Rxb8 Qxb8 28. Nxa5 Qe8 29. Nb7 Qxa4 30. Nxd6 Nc6 31. Ne4 Bd8 32. g3 h6 33. h4 Ba5 34. Rc1 Qb3 35. Ne3 Bb6 36. Qc2 Qf7 37. Re1 Qf3 38.
Nd5 Ba7 39. Qe2 Qf7 40. Rd1 Rd8 41. Ne3 Rf8 42. Rf1 Ne7 43. Qc4 Qg6 44. Qa4 Bxe3 45.
fxe3 Rxf1+ 46. Kxf1 Nf5 47. Kf2 Qg4 48. Qe8+ Kh7 0-1

[Event "*** SCC Grand Prix: Titled Tuesday Blitz"]
[Site "Chess.com"]
[Date "2020.09.29"]
[Round "3"]
[White "MariaFominykh"]
[Black "lacafi"]
[Result "0-1"]
[WhiteElo "2333"]
[BlackElo "2111"]
[TimeControl "180+1"]
[EndTime "10:28:18 PDT"]
[Termination "lacafi won by resignation"]

1. d4 f5 2. Bg5 g6 3. e3 Bg7 4. h4 Nf6 5. h5 d5 6. h6 Bf8 7.
Nf3 Nbd7 8. Nc3 e6 9. Ne5 Be7 10. Bf4 c6 11. Be2 Ne4 12. Nxe4 dxe4 13. f3 exf3 14.
Bxf3 Bf6 15. Nc4 O-O 16. Qd2 Re8 17. O-O-O Nb6 18. Nd6 Rf8 19. e4 Be7 20. Nxc8 Rxc8 21. Qe2 fxe4 22. Qxe4 Rxf4 23. Qxe6+ Kh8 24. Bg4 Rb8 25.
Qe5+ Rf6 26. Rhf1 Qd6 27. Rxf6 Qxe5 28. dxe5 Bxf6 29. exf6 Nd5 30. f7 Rf8 31. Be6 Nf4 32. Bb3 Nxg2 33. Re1 Nxe1 34. Kd2 Nf3+ 35. Ke3 Ne5 36.
Ke4 Nxf7 37. Bc4 Nxh6 38. Be6 Re8 39. Ke5 Kg7 40. Kd6 Rxe6+ 41. Kxe6 Nf7 42. Kd7 g5 43. Kc7 g4 44. Kxb7 g3 45. Kxc6 g2 46. b4 g1=Q 47.
a4 Kf6 48. b5 Ke7 49. a5 Kd8 50. b6 axb6 51. axb6 Qg2+ 52. Kb5 Qb7 53. c4 Nd6+ 54. Kc5 Nc8 55. Kd4 Qxb6+ 56. c5 Qc6 0-1

[Event "*** SCC Grand Prix: Titled Tuesday Blitz"]
[Site "Chess.com"]
[Date "2020.09.29"]
[Round "3"]
[White "Jumbo"]
[Black "lachesisQ"]
[Result "0-1"]
[WhiteElo "2709"]
[BlackElo "3108"]
[TimeControl "180+1"]
[EndTime "10:28:19 PDT"]
[Termination "lachesisQ won by resignation"]

1. e4 e6 2. d4 d5 3. Nd2 a5 4. h4 a4 5. a3 c5 6. Ngf3 Nc6 7. Bb5 Qb6 8. c4 dxc4 9. Bxa4 Qa6 10. Bxc6+ Qxc6 11.
O-O cxd4 12. Nxd4 Qc5 13. N2f3 e5 14. b4 cxb3 15. Nxb3 Qc7 16. Bb2 f6 17. Rc1 Qd6 18. Qe2 Qa6 19. Qe3 Nh6 20. Rfd1 Ng4 21. Qd2 Be6 22. Nc5 Bxc5 23. Rxc5 O-O 24. Rc7 Qb6 25. Rdc1 Rfd8 26. Qe2 h5 27. Nh2 Qxf2+ 28. Qxf2 Nxf2 29. Rxb7 Nxe4 30. Nf3 Bd5 31. Rbc7 Rdb8 32. R1c2 Rb7 33. Rxb7 Bxb7 34. Rc7 Bd5 35. Rd7 Be6 36. Re7 Bg4 37. Rb7 Rd8 38. a4 Ra8 39. Rb4 Nc5 40. Nh2 Nd3 41. Rb3 Nxb2 42. Rxb2 Rxa4 43. Nf1 Kh7 44. g3 Ra3 45. Kf2 Rf3+ 46. Kg2 Kg6 47. Nh2 Ra3 48. Kf2 Kf5 49. Nf1 Rf3+ 50. Kg2 Rd3 51. Kf2 Ke4 52.
Rb4+ Rd4 53. Rb2 g5 54. Ne3 gxh4 55. gxh4 f5 56. Nf1 f4 57. Nd2+ Kf5 58. Nf1 Rd5 59. Rb8 e4 60. Rf8+ Ke5 61. Re8+ Kd4 0-1

[Event "*** SCC Grand Prix: Titled Tuesday Blitz"]
[Site "Chess.com"]
[Date "2020.09.29"]
[Round "3"]
[White "VMikhalevski"]
[Black "chessfrendz"]
[Result "1-0"]
[WhiteElo "2728"]
[BlackElo "2327"]
[TimeControl "180+1"]
[EndTime "10:28:19 PDT"]
[Termination "VMikhalevski won on time"]

1. Nf3 d5 2. g3 Nf6 3. Bg2 c6 4. c4 e6 5. b3 Bd6 6. Bb2 O-O 7. O-O Re8 8. Nc3 b6 9. d4 Bb7 10. Nd2 Nbd7 11. e4 dxe4 12. Ndxe4 Nxe4 13. Nxe4 Bf8 14.
Qc2 Rb8 15. Rad1 h6 16. Bc1 Nf6 17. Bf4 Rc8 18. Nc3 Qe7 19. Rfe1 Qa3 20. Rd3 Qa6 21. Rde3 c5 22. d5 exd5 23. Rxe8 Rxe8 24. Rxe8 Nxe8 25.
Nxd5 Bc8 26. Qe2 Be6 27. Be5 Qc8 28. Bb2 Qd7 29. Qe5 f6 30. Qe3 Nd6 31. Bxf6 Nf5 32.
Qe1 Nd4 33. Qd2 Bxd5 34. Bxd5+ Qxd5 35. cxd5 Nf3+ 36. Kg2 Nxd2 37. Be5 Ne4 38. Kf3 Nd6 39. Kg4 Kf7 40. f4 g6 41. h3 Nf5 42. Kf3 Bd6 43.
Bb2 h5 44. g4 hxg4+ 45. hxg4 Ne7 46. Ke4 a6 47. a4 b5 48. axb5 axb5 49. Bc3 Ke8 50.
Bb2 Kf7 51. Ba1 1-0

[Event "*** SCC Grand Prix: Titled Tuesday Blitz"]
[Site "Chess.com"]
[Date "2020.09.29"]
[Round "3"]
[White "mortngabriel"]
[Black "Sychev_Klementy"]
[Result "1-0"]
[WhiteElo "2466"]
[BlackElo "2876"]
[TimeControl "180+1"]
[EndTime "10:28:19 PDT"]
[Termination "mortngabriel won on time"]

1. e4 e5 2. Nc3 Nf6 3. Bc4 Nc6 4. d3 Bc5 5. h3 Nd4 6. Nf3 d6 7.
Bg5 h6 8. Be3 c6 9. Bxd4 exd4 10. Ne2 Qb6 11. Bb3 a5 12. a4 d5 13. O-O dxe4 14.
dxe4 Nxe4 15. Nexd4 O-O 16. Qd3 Nf6 17. Nf5 Qd8 18.
Nxh6+ gxh6 19. Qg6+ Kh8 20. Qxh6+ Nh7 21. Ne5 Qf6 22. Qh5 Be6 23. Bxe6 Qxe6 24. Rae1 Ba7 25. Re4 Rae8 26. Rh4 Kg7 27. Qxh7+ Kf6 28. Rh6+ Kxe5 29. Re1+ Kd6 30. Rhxe6+ fxe6 31. Rd1+ Kc5 32. Qxb7 Bb6 33. c3 Rb8 34. Qe7+ Kc4 35. Qxe6+ Kc5 36. Qd6+ Kc4 37.
Qxc6+ Kb3 38. Qb5+ Kc2 39. Qd3+ Kb3 40. c4+ Kb4 41. Qc3+ Kc5 42. Rd5+ Kc6 43. Qe5 Rbd8 44. Qe6+ Kc7 45. c5 Ba7 46. Qe7+ 1-0

[Event "*** SCC Grand Prix: Titled Tuesday Blitz"]
[Site "Chess.com"]
[Date "2020.09.29"]
[Round "3"]
[White "RU_B9"]
[Black "Sueetin"]
[Result "1/2-1/2"]
[WhiteElo "1893"]
[BlackElo "2297"]
[TimeControl "180+1"]
[EndTime "10:28:20 PDT"]
[Termination "Game drawn by repetition"]

1. c4 e6 2. Nc3 d5 3. e3 Nf6 4. Nf3 Be7 5. b3 O-O 6. Bb2 dxc4 7. Bxc4 a6 8. d4 b5 9. Bd3 Bb7 10. O-O c5 11. Qe2 cxd4 12. exd4 Nc6 13. Rfd1 Nb4 14. Bb1 Nbd5 15. Ne4 Nf4 16. Nxf6+ Bxf6 17. Qe3 Bxf3 18. Qxf3 Nd5 19. Be4 Rc8 20. Rac1 Qd7 21. Ba3 b4 22. Bxd5 Rxc1 23. Bxc1 Qxd5 24. Qxd5 exd5 25. Kf1 Rc8 26. Be3 Rc2 27. Ra1 h5 28. Ke1 Kh7 29. Kd1 Rc6 30.
Rc1 Rxc1+ 31. Kxc1 Kg6 32. Kc2 Kf5 33. Kd3 g5 34. Bd2 a5 35. Bc1 h4 36. a3 Be7 37. axb4 axb4 38. Bd2 g4 39. Be1 Bd6 40. g3 h3 41. Bd2 Bc7 42. Be3 Bd6 43. Bd2 f6 44. Be3 Kg6 45. Bd2 f5 46. Be3 Kf6 47.
Bf4 Bxf4 48. gxf4 Kg6 49. Ke3 Kh5 50. Ke2 Kh4 51. Ke3 Kh5 52. Ke2 Kh4 53. Ke3 Kh5 1/2-1/2

[Event "*** SCC Grand Prix: Titled Tuesday Blitz"]
[Site "Chess.com"]
[Date "2020.09.29"]
[Round "3"]
[White "vanyakuba"]
[Black "chessmadara"]
[Result "1/2-1/2"]
[WhiteElo "2457"]
[BlackElo "2138"]
[TimeControl "180+1"]
[EndTime "10:28:21 PDT"]
[Termination "Game drawn by repetition"]

1. e4 c5 2. Nc3 d6 3. f4 Nc6 4.
Nf3 g6 5. Bc4 Bg7 6. O-O e6 7.
f5 exf5 8. d3 Nge7 9. Qe1 fxe4 10. dxe4 O-O 11. Qh4 Ne5 12. Nxe5 dxe5 13. Kh1 Nc6 14.
Bg5 Qd4 15. Nd5 Qxc4 16. Nf6+ Bxf6 17. Bxf6 h5 18. Qg5 Kh7 19. Rf3 Qxe4 20. Raf1 Qg4 21. Qe3 Bf5 22. h3 Qd4 23. Qg5 Be4 24. c3 Qd5 25. R3f2 Bd3 26. Re1 Rae8 27. Kh2 Qd6 28.
Kg1 e4 29. Qh4 e3 30. Rf3 Ne5 31. Rg3 Bf5 32. Rgxe3 Qd2 33. Rxe5 Rxe5 34. Rxe5 Qd1+ 35. Kh2 Qd6 36. Qg5 Re8 37. Kg1 Rxe5 38. Bxe5 Qxe5 39. Qd8 Qe1+ 40. Kh2 Qe5+ 41. Kg1 Qe3+ 42. Kh2 Qf4+ 43.
Kg1 Qc1+ 44. Kh2 Qxb2 45. Qf6 Qb6 46. Qxf7+ Kh6 47. Qf8+ Kh7 48. Qf7+ Kh8 49. Qf8+ Kh7 50. Qf7+ 1/2-1/2

[Event "*** SCC Grand Prix: Titled Tuesday Blitz"]
[Site "Chess.com"]
[Date "2020.09.29"]
[Round "3"]
[White "BJthechessgod"]
[Black "chessmaGIA"]
[Result "1-0"]
[WhiteElo "2298"]
[BlackElo "1618"]
[TimeControl "180+1"]
[EndTime "10:28:21 PDT"]
[Termination "BJthechessgod won by resignation"]

1. e4 e5 2. Nf3 Nf6 3. Bc4 Nxe4 4.
d3 Nf6 5. Nxe5 d5 6. Bb3 Bd6 7. Nf3 O-O 8. O-O Bg4 9. Nc3 c6 10. h3 Bh5 11. Bg5 Nbd7 12. Re1 Ne5 13. g4 Nxf3+ 14.
Qxf3 Bg6 15. Bxf6 gxf6 16. Ne2 Bc7 17. Nf4 Qd6 18. Nxg6 Qh2+ 19. Kf1 fxg6 20. Re7 Be5 21. c3 f5 22. g5 Bd6 23. Rd7 Bc5 24. d4 Bb6 25. Re1 Rae8 26. Rxe8 Rxe8 27. Rxb7 Qd6 28.
Ba4 Qe6 29. h4 Qe1+ 30. Kg2 Qe6 31. h5 Bd8 32. h6 Bxg5 33. Rg7+ Kh8 34. Qh3 Qe4+ 35.
Qf3 Qxf3+ 36. Kxf3 Bxh6 37. Rxa7 Bg5 38. Bxc6 Rb8 39.
Ra8 Rxa8 40. Bxa8 h5 41. Bxd5 h4 42. a4 Bd8 43. b4 g5 44. a5 g4+ 45. Kg2 h3+ 46. Kh1 f4 47. Be6 g3 48. fxg3 f3 49. Bxh3 f2 50. Bf1 Kg7 51. c4 Kf6 52. c5 Ke6 53. a6 1-0

[Event "*** SCC Grand Prix: Titled Tuesday Blitz"]
[Site "Chess.com"]
[Date "2020.09.29"]
[Round "3"]
[White "Arjun2002"]
[Black "guillembaches"]
[Result "1-0"]
[WhiteElo "2684"]
[BlackElo "2424"]
[TimeControl "180+1"]
[EndTime "10:28:22 PDT"]
[Termination "Arjun2002 won by checkmate"]

1. d4 d5 2. Bf4 e6 3. e3 Bd6 4.
Nf3 Nf6 5. Bd3 O-O 6. c3 c5 7.
Nbd2 Nc6 8. Ne5 Ne7 9. g4 b6 10.
g5 Nd7 11. h4 Bxe5 12. dxe5 Nc6 13. Nf3 Qc7 14. Qc2 g6 15. h5 Ndxe5 16. Nxe5 Nxe5 17. hxg6 fxg6 18. Bxe5 Qxe5 19. O-O-O c4 20. Bf1 Bd7 21. Bh3 Qxg5 22. Rdg1 Qf6 23. f4 b5 24. Qh2 Rf7 25.
Rg5 b4 26. cxb4 Rb8 27. a3 c3 28. Re5 cxb2+ 29. Qxb2 a5 30. Kd2 axb4 31. axb4 Qe7 32. Rb1 Qd6 33. Qd4 Ra8 34. Rb2 Rff8 35. b5 Rfb8 36.
b6 Ra6 37. b7 Qc7 38. Bf1 Rc6 39. Bd3 Rxb7 40. Rxb7 Qxb7 41. e4 Qa8 42. exd5 Qa2+ 43. Ke3 exd5 44. Rxd5 Be6 45. Rd8+ Kf7 46. Qh8 Qa7+ 47.
Kf3 Bd7 48. Qxh7+ Ke6 49. Qxg6+ Kd5 50. Qe4+ Kd6 51. Qe5# 1-0

[Event "*** SCC Grand Prix: Titled Tuesday Blitz"]
[Site "Chess.com"]
[Date "2020.09.29"]
[Round "3"]
[White "tlomigtlis"]
[Black "Rap_woyska"]
[Result "0-1"]
[WhiteElo "2523"]
[BlackElo "2370"]
[TimeControl "180+1"]
[EndTime "10:28:22 PDT"]
[Termination "Rap_woyska won by checkmate"]

1. d4 d5 2. c4 c6 3. Nf3 Nf6 4.
Nc3 a6 5. c5 b6 6. cxb6 Qxb6 7.
Na4 Qa7 8. Bf4 e6 9. e3 a5 10. Bd3 Ba6 11. O-O Be7 12. Rc1 O-O 13. Ne5 Rc8 14.
Bxa6 Qxa6 15. f3 Nfd7 16. Nd3 Nb6 17. Ndc5 Qa7 18. b3 N8d7 19. Nxd7 Nxd7 20. Qe2 c5 21. dxc5 Nxc5 22. Nxc5 Bxc5 23. Kh1 Ba3 24. Rc2 h6 25. h4 Qe7 26. Bg3 Qf6 27. Kh2 Qf5 28. Rxc8+ Rxc8 29. Qa6 Rc2 30. Qxa5 Be7 31. Rf2 Rc1 32. Re2 Qb1 33. Re1 Kh7 34. Qd2 Rxe1 35. Bxe1 Bf6 36. b4 h5 37. a4 Qb3 38. a5 Qc4 39. Qf2 g6 40. g3 Be5 41. Kg2 Bd6 42. Qb2 Qd3 43.
Bd2 Qe2+ 44. Kg1 Qd1+ 45. Kf2 Bxg3+ 46. Kxg3 Qg1+ 47. Kf4 Qh2+ 48. Kg5 Qg3+ 49. Kf6 Kg8 50. f4 Qxh4+ 51. Ke5 Qe7 52. Kd4 Qf6+ 53. Kc5 Qxb2 54.
Be1 Qc2+ 55. Kb6 Qd1 56. Bh4 Qb3 57. b5 Qxe3+ 58. Ka6 Qxf4 59. b6 Qxh4 60. Kb7 Qe7+ 61. Ka8 Qd8+ 62. Ka7 d4 63. a6 d3 64. b7 d2 65. b8=Q d1=Q 66. Qg3 Q1d7+ 67. Qc7 Q8xc7+ 68. Ka8 Qcc8# 0-1

[Event "*** SCC Grand Prix: Titled Tuesday Blitz"]
[Site "Chess.com"]
[Date "2020.09.29"]
[Round "3"]
[White "TokChess"]
[Black "stefy02"]
[Result "0-1"]
[WhiteElo "2413"]
[BlackElo "2269"]
[TimeControl "180+1"]
[EndTime "10:28:23 PDT"]
[Termination "stefy02 won by resignation"]

1. d4 Nf6 2. c4 e6 3. Nf3 Bb4+ 4. Nc3 b6 5. g3 Bb7 6. Bg2 O-O 7. O-O d6 8. Qb3 c5 9. Rd1 Qe7 10. Nb5 a6 11.
Na3 Nc6 12. Nc2 Na5 13. Qe3 Nxc4 14. Qd3 b5 15. Nxb4 cxb4 16. b3 Be4 17. bxc4 Bxd3 18.
exd3 bxc4 19. dxc4 Rac8 20. Nd2 e5 21. Bb2 Rfd8 22. Rac1 Ng4 23. Nb3 e4 24. Re1 f5 25.
f3 Nf6 26. d5 e3 27. Nd4 f4 28.
gxf4 Nh5 29. Ne6 Nxf4 30. Nxf4 Rf8 31. Ne6 Rf7 32. Rxe3 Qh4 33. Re4 Qh6 34. Rce1 Qd2 35. R4e2 Qd3 36. Ng5 Rff8 37. Bh3 Rxc4 38. Be6+ Kh8 39.
Nf7+ Rxf7 40. Bxf7 h6 41. Be6 Rc2 42. Rxc2 Qxc2 43. Bd4 Qxa2 44. Bf5 Qa4 45. Kg2 b3 46.
Rc1 Kg8 47. Be6+ Kf8 48. Rc8+ Ke7 49. Rc7+ Kd8 50. Rxg7 Qxd4 51. Rg8+ Kc7 52. Rc8+ Kb7 0-1

[Event "*** SCC Grand Prix: Titled Tuesday Blitz"]
[Site "Chess.com"]
[Date "2020.09.29"]
[Round "3"]
[White "RaunakSadhwani2005"]
[Black "johnathan113"]
[Result "1-0"]
[WhiteElo "2928"]
[BlackElo "2578"]
[TimeControl "180+1"]
[EndTime "10:28:24 PDT"]
[Termination "RaunakSadhwani2005 won on time"]

1. Nf3 g6 2. c4 c5 3. Nc3 Bg7 4. g3 Nf6 5. Bg2 O-O 6. O-O Nc6 7.
d4 cxd4 8. Nxd4 Qa5 9. e3 Ne5 10.
Qe2 d6 11. Bd2 Bg4 12. f3 Bd7 13. b3 Rfc8 14. Rac1 a6 15. a4 Qb6 16. Rb1 Nc6 17. Nc2 Na5 18. Kh1 Qd8 19. Rfc1 Ne8 20. e4 Nc7 21. f4 b5 22. axb5 axb5 23. cxb5 Rab8 24.
Na3 Ne6 25. Nd5 Rxc1+ 26. Bxc1 Nd4 27. Qd1 e6 28. Ne3 Nxb5 29. b4 Nc3 30. Qc2 Nxb1 31. Qxb1 Nc6 32. Bd2 h5 33. h3 Nd4 34. Bc3 Nb5 35.
Bxg7 Kxg7 36. Nac4 Qc7 37. Qb2+ Kg8 38. f5 Ra8 39. f6 d5 40. exd5 Re8 41. Qc1 Qxg3 42.
d6 Kh7 43. Nf1 Qh4 44. Nb6 e5 45. Nxd7 e4 46. Nc5 e3 47. d7 e2 48. dxe8=Q 1-0

[Event "*** SCC Grand Prix: Titled Tuesday Blitz"]
[Site "Chess.com"]
[Date "2020.09.29"]
[Round "3"]
[White "jamalm2"]
[Black "krasavetc"]
[Result "0-1"]
[WhiteElo "1714"]
[BlackElo "2305"]
[TimeControl "180+1"]
[EndTime "10:28:24 PDT"]
[Termination "krasavetc won on time"]

1. d4 Nf6 2. Bg5 e6 3. e4 Be7 4.
f3 O-O 5. Nc3 d5 6. e5 Nfd7 7.
Bxe7 Qxe7 8. Bd3 c5 9. f4 cxd4 10. Nce2 f6 11. exf6 Qxf6 12. Nf3 e5 13. fxe5 Nxe5 14.
O-O Bg4 15. Nxe5 Qxe5 16. Rxf8+ Kxf8 17. Qf1+ Kg8 18. Ng3 Nc6 19. Re1 Rf8 20. Bxh7+ Kxh7 21. Qd3+ Bf5 22. Rxe5 Bxd3 23. Rh5+ Kg6 24. cxd3 Nb4 25.
h4 Rf4 26. Rg5+ Kf7 27. Rxg7+ Kxg7 28. Nh5+ Kg6 29. Nxf4+ Kf5 30. g3 Nxa2 31. h5 Nb4 32.
h6 Kf6 33. g4 Nc6 34. g5+ Kf7 35. g6+ Kf6 36. h7 Kg7 37. Nh5+ Kh8 38. Nf4 Ne5 39. Kf2 Kg7 40. Kg3 a5 41. Kh4 b5 42. Kg5 Nxg6 43.
Nxg6 Kxh7 44. Nf4 b4 0-1

[Event "*** SCC Grand Prix: Titled Tuesday Blitz"]
[Site "Chess.com"]
[Date "2020.09.29"]
[Round "3"]
[White "ViditYT"]
[Black "Konavets"]
[Result "1-0"]
[WhiteElo "2720"]
[BlackElo "2972"]
[TimeControl "180+1"]
[EndTime "10:28:25 PDT"]
[Termination "ViditYT won on time"]

1. d4 Nf6 2. c4 g6 3. Nc3 d5 4. cxd5 Nxd5 5. e4 Nxc3 6. bxc3 Bg7 7. Be3 c5 8. Qd2 O-O 9. Nf3 Qa5 10. Rc1 Rd8 11.
h4 cxd4 12. cxd4 Qxd2+ 13. Bxd2 Bg4 14. d5 Rc8 15. Rxc8+ Bxc8 16. Bb4 e6 17. Bc4 exd5 18. Bxd5 Nc6 19. Bc5 Be6 20. Bxe6 fxe6 21. Ke2 Rc8 22. Rd1 b6 23. Be3 Na5 24. Rd7 Rc2+ 25. Kd3 Rc3+ 26.
Ke2 Rc2+ 27. Kd1 Rxa2 28. Rxa7 Ra1+ 29. Kc2 Ra2+ 30. Kd3 Ra3+ 31. Ke2 Ra2+ 32. Nd2 Bc3 33. Kd3 Bb4 34. Nf3 Ra3+ 35. Kc2 Rc3+ 36. Kd1 Nc4 37. Bd4 Nb2+ 38. Ke2 Rc2+ 39. Ke3 Bc5 40. Rg7+ Kf8 41. Rxh7 Bxd4+ 42. Nxd4 Nd1+ 43. Kd3 Rxf2 44. Nxe6+ Ke8 45. g4 Rg2 46. g5 b5 47. Kd4 Rd2+ 48. Ke5 Nc3 49. h5 gxh5 50. g6 Re2 51. g7 Rxe4+ 52. Kf6 1-0

[Event "*** SCC Grand Prix: Titled Tuesday Blitz"]
[Site "Chess.com"]
[Date "2020.09.29"]
[Round "3"]
[White "Onischuk_V"]
[Black "Ziachess74"]
[Result "1-0"]
[WhiteElo "2893"]
[BlackElo "2657"]
[TimeControl "180+1"]
[EndTime "10:28:25 PDT"]
[Termination "Onischuk_V won by resignation"]

1. e4 c5 2. Nc3 Nc6 3. Bb5 Nd4 4. Bc4 e6 5. Nf3 Nf6 6. O-O a6 7. a4 d5 8. exd5 exd5 9. Ba2 Be7 10. Nxd4 cxd4 11. Ne2 d3 12. cxd3 Bf5 13. Qb3 O-O 14. Ng3 Bg6 15. f4 Bc5+ 16. Kh1 Ng4 17. d4 Bxd4 18. h3 Nf2+ 19. Kh2 h5 20. f5 h4 21.
fxg6 hxg3+ 22. Qxg3 Qf6 23. Qf3 fxg6 24. Bxd5+ Kh7 25.
Qxf6 Rxf6 26. Bf3 g5 27. Ra3 g4 28. hxg4 Nxg4+ 29. Kg3 Nh6 30. Be4+ Kg8 31. Rxf6 gxf6 32. Rb3 Be5+ 33. Kf3 Rc8 34. Rc3 Bxc3 35. dxc3 Nf7 36. Bxb7 Rc7 37. Bd5 Kg7 38. Bf4 Ne5+ 39. Bxe5 fxe5 40.
c4 Kf6 41. b4 Rg7 42. b5 axb5 43. axb5 Ke7 44. b6 Kd6 45. g4 Re7 46. g5 Re8 47. g6 Re7 48. Ke4 Rg7 49. Kf5 Kc5 50. b7 1-0

[Event "*** SCC Grand Prix: Titled Tuesday Blitz"]
[Site "Chess.com"]
[Date "2020.09.29"]
[Round "3"]
[White "chessdjw"]
[Black "OK97"]
[Result "1-0"]
[WhiteElo "2638"]
[BlackElo "2794"]
[TimeControl "180+1"]
[EndTime "10:28:25 PDT"]
[Termination "chessdjw won on time"]

1. c4 e5 2. d3 Nf6 3. Nf3 Bb4+ 4. Nbd2 Nc6 5. a3 Bxd2+ 6. Bxd2 d5 7. cxd5 Nxd5 8. e3 Be6 9. b4 a6 10. Be2 O-O 11. Rc1 f6 12. O-O Qd7 13. Rc5 Nce7 14. e4 Nb6 15. Be3 Na4 16. Rc1 a5 17. b5 Qxb5 18. d4 Qd7 19. d5 Bf7 20. Qb3 Nb6 21.
Rc2 a4 22. Qb4 Nexd5 23. exd5 Nxd5 24. Qxb7 Rab8 25. Qc6 Qxc6 26. Rxc6 Nxe3 27. fxe3 Rb3 28. Kf2 Rxa3 29. Rxc7 Ra2 30. Rfc1 g5 31. Rc8 a3 32.
Rxf8+ Kxf8 33. Rc8+ Kg7 34. Rc7 Kf8 35. Ne1 Rd2 36. Ra7 a2 37. Nd3 e4 38. Ke1 Rc2 39.
Nb4 Rb2 40. Nxa2 Rxa2 41. Rxf7+ Kxf7 42. Bc4+ Kg6 43. Bxa2 f5 44. g3 Kh5 45. Kf2 Kg4 46. Kg2 1-0

[Event "*** SCC Grand Prix: Titled Tuesday Blitz"]
[Site "Chess.com"]
[Date "2020.09.29"]
[Round "3"]
[White "SabKaD4ddy"]
[Black "Unknown_IM"]
[Result "1-0"]
[WhiteElo "2517"]
[BlackElo "2305"]
[TimeControl "180+1"]
[EndTime "10:28:25 PDT"]
[Termination "SabKaD4ddy won by resignation"]

1. e4 e5 2. Nf3 d6 3. Bc4 Nf6 4. d3 Be7 5. O-O O-O 6. c3 Nbd7 7. Bb3 c6 8. Nbd2 b5 9. Re1 a5 10. Bc2 Ba6 11. Nf1 b4 12. Ng3 bxc3 13. bxc3 Re8 14. d4 Bf8 15. Bb3 c5 16. Bg5 h6 17.
Bd2 cxd4 18. cxd4 exd4 19. Nxd4 Nc5 20. Nc6 Qc7 21. Nxa5 Bd3 22. Rc1 Rxa5 23. Bxa5 Qxa5 24. Nf5 Nxb3 25. Qxb3 Rxe4 26. Rxe4 Bxe4 27. Ng3 Qd5 28. Qxd5 Bxd5 29. a4 Bb7 30. Rc7 Ba6 31. Ra7 Bc4 32.
a5 d5 33. Ra8 g6 34. a6 Nd7 35. a7 d4 36. Rxf8+ Nxf8 37. a8=Q d3 38. Nf1 Be6 39. Qd8 Bf5 40. g4 Bxg4 41. Qxd3 Be6 42. Ne3 Kg7 43. Qd4+ Kg8 44. Nd5 Bxd5 45. Qxd5 Ne6 46. Qe5 Kf8 47. Qh8+ Ke7 48. Qxh6 Nf8 49. h4 Ne6 50. h5 gxh5 51.
Qxh5 Kf8 52. Qa5 Kg7 53. Kg2 Nf4+ 54. Kf3 Ne6 55. Kg4 Kg6 56. f4 Ng7 57. f5+ Kf6 58.
Qa1+ 1-0

[Event "*** SCC Grand Prix: Titled Tuesday Blitz"]
[Site "Chess.com"]
[Date "2020.09.29"]
[Round "3"]
[White "Angel_Hranitel_37"]
[Black "anon219"]
[Result "1-0"]
[WhiteElo "2550"]
[BlackElo "2743"]
[TimeControl "180+1"]
[EndTime "10:28:29 PDT"]
[Termination "Angel_Hranitel_37 won by checkmate"]

1. d4 d5 2. c4 e6 3. Nf3 Nf6 4. g3 dxc4 5. Bg2 a6 6. O-O Nc6 7. Nc3 Rb8 8. e4 b5 9. d5 Nb4 10. b3 Be7 11. bxc4 bxc4 12. a3 Nd3 13. Qa4+ Bd7 14.
Qxa6 exd5 15. exd5 O-O 16. Qxc4 Nxc1 17. Rfxc1 Re8 18.
a4 Rb4 19. Qd3 Bd6 20. Rcb1 Rxb1+ 21. Rxb1 Qa8 22. Ra1 Qa5 23. Nd4 h6 24. Nc6 Bxc6 25.
dxc6 Be5 26. Ra3 Ng4 27. Bd5 Qc5 28. Ne4 Qc1+ 29. Kg2 Nf6 30. Nxf6+ Bxf6 31. Rb3 Rd8 32. Rb7 Qc5 33. Rb5 Qc1 34. h4 Qa1 35. Qb3 Qd4 36. Rb8 Rxb8 37. Qxb8+ Kh7 38. Qb3 g5 39. Bxf7 gxh4 40. gxh4 Bxh4 41. Qc2+ Kg7 42. Qg6+ Kf8 43. Qg8+ Ke7 44. Qe8+ Kf6 45. Qh8+ Kxf7 46. Qxd4 Bf6 47.
Qd7+ Kg6 48. Qxc7 Be5 49. Qd7 Kf6 50. c7 Bxc7 51. Qxc7 Kg5 52. Qb7 h5 53. a5 h4 54.
Kh3 Kf4 55. Qe7 Kf3 56. a6 Kxf2 57. Qf6+ Kg1 58. Kxh4 Kh1 59. Kg3 Kg1 60. Qf2+ Kh1 61.
Qh2# 1-0

[Event "*** SCC Grand Prix: Titled Tuesday Blitz"]
[Site "Chess.com"]
[Date "2020.09.29"]
[Round "3"]
[White "KacperPolOK"]
[Black "MomchilPetkov"]
[Result "0-1"]
[WhiteElo "2382"]
[BlackElo "2593"]
[TimeControl "180+1"]
[EndTime "10:28:29 PDT"]
[Termination "MomchilPetkov won on time"]

1. e4 c5 2. Nc3 a6 3. g3 g6 4. Bg2 Bg7 5. d3 Nc6 6. Nf3 e6 7. O-O Nge7 8. Be3 Nd4 9. Qd2 Nec6 10. Ne2 Nxe2+ 11. Qxe2 Bxb2 12. Rab1 Bg7 13. Bxc5 d6 14. Bb6 Qe7 15. d4 O-O 16. Rfe1 e5 17. d5 Nb8 18. c4 Nd7 19. Rec1 Nxb6 20. Rxb6 Qc7 21. Qe3 Bg4 22. c5 Bxf3 23. cxd6 Qd8 24. Bxf3 Bh6 25. Qxh6 Qxb6 26. d7 Qd6 27. Bg4 Rad8 28. Rc8 f5 29. exf5 Rxc8 30. dxc8=Q Rxc8 31. fxg6 Rc7 32. Be6+ Kh8 33. Qh5 Rg7 34. gxh7 Qb8 35. Bg8 b5 36. h4 b4 37. Qf5 Qb6 38. Kh2 a5 39. Qxe5 Qxf2+ 40. Kh3 Qf1+ 41. Kh2 Qf2+ 42. Kh3 Qf1+ 43. Kh2 Qf8 44. Qb2 Qd6 45. Qf2 a4 46. Be6 b3 47.
axb3 axb3 48. h5 b2 49. Bf5 Qxd5 50. h6 Rb7 51. Bb1 Qd6 0-1

[Event "*** SCC Grand Prix: Titled Tuesday Blitz"]
[Site "Chess.com"]
[Date "2020.09.29"]
[Round "3"]
[White "Kotofeyca"]
[Black "Sesleria"]
[Result "1/2-1/2"]
[WhiteElo "2338"]
[BlackElo "2102"]
[TimeControl "180+1"]
[EndTime "10:28:29 PDT"]
[Termination "Game drawn - insufficient material"]

1. d4 Nf6 2. c4 e6 3. Nf3 d5 4. Nc3 c6 5. cxd5 exd5 6. Bg5 Be7 7. Qc2 Na6 8. a3 Nc7 9. e3 Ne6 10. Bh4 O-O 11. Bd3 g6 12. O-O a5 13. Ne5 Ng7 14. Na4 Bf5 15. Nc5 Bxd3 16. Nexd3 b6 17.
Na4 Rc8 18. Qb3 b5 19. Nac5 a4 20. Qc2 Nf5 21. Bg5 Ne4 22. Bxe7 Qxe7 23. Rae1 Nfd6 24. f3 Nxc5 25. Nxc5 f5 26. e4 fxe4 27. fxe4 Rxf1+ 28. Kxf1 Qf6+ 29. Qf2 Qxf2+ 30. Kxf2 dxe4 31. Nxe4 Nf5 32. Rd1 Rd8 33. d5 cxd5 34. Rxd5 Rxd5 35. Nf6+ Kf7 36. Nxd5 Nd6 37. Ke2 Nc4 38. Nc7 Nxb2 39. Nxb5 Nc4 40. Kd3 Nb6 41. Kd4 Ke6 42. Kc5 Nd5 43. Nd4+ Ke5 44. Nc6+ Ke4 45. Nb4 Nc3 46. Nc6 Nb1 47. Kb4 Ke3 48. Kxa4 Kf2 49. g4 Kg2 50. Kb4 Nxa3 51.
Kxa3 Kxh2 52. Ne5 Kg3 53. Kb4 Kf4 54. Nd3+ Kxg4 55. Kc4 Kf3 56. Kd4 h5 57. Ne5+ Kf2 58. Nxg6 Kg3 59. Ke4 Kg4 60. Ne5+ Kg3 61. Nf3 h4 62.
Nxh4 1/2-1/2

[Event "*** SCC Grand Prix: Titled Tuesday Blitz"]
[Site "Chess.com"]
[Date "2020.09.29"]
[Round "3"]
[White "M1711"]
[Black "manuellarrea"]
[Result "1-0"]
[WhiteElo "2463"]
[BlackElo "2115"]
[TimeControl "180+1"]
[EndTime "10:28:30 PDT"]
[Termination "M1711 won on time"]

1. e4 c5 2. c3 Nf6 3. e5 Nd5 4.
d4 cxd4 5. Nf3 e6 6. cxd4 b6 7. a3 Be7 8. Bd3 Ba6 9. O-O O-O 10.
Bxa6 Nxa6 11. Nbd2 Rc8 12. Ne4 h6 13. Qe2 Nb8 14.
Ne1 d6 15. exd6 Bxd6 16. Nd3 Nc6 17. Be3 Bxh2+ 18. Kxh2 Qh4+ 19. Kg1 Qxe4 20. Qd2 Nxd4 21. Rae1 Nb3 22. Qd1 Nxe3 23. Rxe3 Qd5 24. Nf4 Qxd1 25.
Rxd1 Nc5 26. b4 Na6 27. Rd7 Rc7 28. Rxc7 Nxc7 29. Rc3 Nb5 30. Rd3 Rc8 31. a4 Nc7 32.
Rc3 Kf8 33. Nd3 Rd8 34. Ne5 Nd5 35. Rc4 f6 36. Nd3 Kf7 37. g3 g5 38. Ne1 Rd7 39. Kg2 Rc7 40. Rd4 Rc1 41. Nd3 Rc2 42. Kf3 h5 43. Kg2 Ra2 44. b5 Ra3 45. Ne1 Ra2 46. Kg1 Ra1 47. Kf1 Ra2 48. Rc4 Ra1 49. Ke2 Kg6 50.
Nd3 h4 51. Rc6 1-0